 Dungeon Crawl Stone Soup version 0.18-a0-1577-gf591c28 (webtiles) character file.

133 Chiseanne the Sneak (level 4, -1/22 HPs)
             Began as a Spriggan Assassin on Mar 22, 2016.
             Killed by nerve-wracking pain
             ... invoked by an orc priest
              (13 damage)
             ... on level 3 of the Dungeon.
             The game lasted 00:06:07 (1783 turns).

Chiseanne the Sneak (Spriggan Assassin)             Turns: 1783, Time: 00:06:07

Health: -1/22      AC:  3    Str:  7    XL:     4   Next: 94%
Magic:  5/5        EV: 19    Int: 12    God:
Gold:   188        SH:  0    Dex: 18    Spells: 0 memorised, 3 levels left

rFire  . . .     SeeInvis +     a - +3 dagger
rCold  . . .     Gourm    .     c - +0 robe
rNeg   + . .     Faith    .     (shield restricted)
rPois  .         Spirit   .     (helmet restricted)
rElec  .         Dismiss  .     d - +0 cloak
rCorr  .         Reflect  .     (gloves unavailable)
SustAt .         Harm     .     (boots unavailable)
MR     .....                    (no amulet)
Stlth  ++++......               (no ring)
                                b - ring of positive energy

@: lethally poisoned (-1 -> -2), very quick, not resistant to hostile
enchantments, stealthy
A: unfitting armour, see invisible, herbivore 3, speed 3, slow metabolism 2
a: no special abilities


You were on level 3 of the Dungeon.
You were not hungry.

You visited 1 branch of the dungeon, and saw 3 of its levels.

You collected 188 gold pieces.

Inventory:

Hand Weapons
 a - a +3 dagger (weapon)
 w - a +0 blowgun
Missiles
 e - 24 poisoned needles
 f - 4 curare-tipped needles
 h - 37 arrows
 k - 12 bolts of flame
 l - 11 arrows of dispersal
Armour
 c - a +0 robe (worn)
 d - a +0 cloak (worn)
Jewellery
 b - a ring of positive energy (left hand)
 r - an uncursed ring of magical power {unknown}
Wands
 i - a wand of iceblast (9/15)
Scrolls
 m - a scroll of immolation
 s - 2 scrolls of teleportation
 u - a scroll of identify
Potions
 j - 4 potions of curing {unknown}
 n - a potion of degeneration {unknown}
 o - a potion of cure mutation {unknown}
 p - a potion of invisibility {unknown}
 t - a potion of berserk rage {unknown}
Comestibles
 g - 5 bread rations
 q - a royal jelly


   Skills:
 - Level 1.5 Fighting
 + Level 3.3 Short Blades
 - Level 2.0 Throwing
 + Level 3.7 Dodging
 * Level 7.9 Stealth


You had 3 spell levels left.
You didn't know any spells.

Dungeon Overview and Level Annotations

Branches:
Dungeon (3/15)

Altars:
Xom


Innate Abilities, Weirdness & Mutations

You are tiny and cannot use many weapons and most armour.
You have supernaturally acute eyesight.
You are a herbivore.
You cover ground extremely quickly.
You need consume almost no food.


Message History

The jackal is severely wounded.
The jackal closely misses you.
You hit the jackal.
You kill the jackal!
An orc priest comes into view. It is wielding a flail.
The orc priest shouts!
You hit the jackal.
The jackal is almost dead.
The jackal closely misses you.
You hit the jackal.
You kill the jackal!
You feel sick.
Items here: ( †††† 3 poisoned needles; a jackal corpse x3; an adder corpse An orc comes into view.
It is wielding a flail.
You see here a poisoned needle.
The orc priest invokes the aid of Beogh against you.
Pain shoots through your body!
Ouch! That really hurt!
You die...

#.# ####.## #.# #......
#.# #.##.## #.# #.#...#
####### #.# #......
###.....# #.###.....#
#.......######.o....#.##
#.#.#...(.(.oo....<.....
#.#@######.###.##.##
#.....# #.# #.##.#
#...... #.. .#...##
#........# ##### #####
#......... ..
#..#(.....# ##
#.........# ##.........


You could see an orc priest and an orc.

Vanquished Creatures
  7 adders
  A worm (D:3)
  2 dart slugs (D:1)
  2 giant geckos
  3 orcs (D:3)
  A giant cockroach (D:2)
  3 goblins
  8 hobgoblins
  10 jackals
  A ball python (D:2)
  7 bats
  5 giant newts
  5 kobolds
  6 rats
61 creatures vanquished.

Notes
Turn   | Place    | Note
--------------------------------------------------------------
     0 | D:1      | Chiseanne the Spriggan Assassin began the quest for the Orb.
     0 | D:1      | Reached XP level 1. HP: 10/10 MP: 2/2
    83 | D:1      | Reached skill level 6 in Stealth
   145 | D:1      | Reached XP level 2. HP: 12/14 MP: 3/3
   708 | D:2      | Reached XP level 3. HP: 18/18 MP: 4/4
   797 | D:2      | Found a shimmering altar of Xom.
   908 | D:2      | Reached skill level 7 in Stealth
  1300 | D:2      | Reached XP level 4. HP: 20/22 MP: 5/5
  1783 | D:3      | Killed from afar by an orc priest

Vault maps used:
D:1:      moated_graveyard_arrival
D:2:      overflow_temple_1_default, first_bread, st_stairs_5
D:3:      lemuel_round_altar

Skill      XL: |  1  2  3 |
---------------+----------+-----
Stealth        | 6 7 |  7.9
Dodging        | 2 3 |  3.7
Short Blades   | 3 |  3.3
Fighting       | |  1.5
Throwing       | |  2.0

Action                   |  1- 3 |  4- 6 || total
-------------------------+-------+-------++-------
Melee: Dagger            |    84 |    56 ||   140
 Fire: Blowgun           |    24 |     4 ||    28
  Use: Scroll            |     6 |     3 ||     9
 Stab: Sleeping          |     7 |     8 ||    15
